 Dungeon Crawl Stone Soup version 0.23.2-11-gf996548 (webtiles) character file.

Game seed: 5976382568392001693

177 Fang the Skirmisher (level 5, 0/34 HPs)
             Began as a Gargoyle Berserker on June 6, 2019.
             Was a Priest of Trog.
             Slain by Sigmund
             ... wielding a +0 scythe
              (9 damage)
             ... on level 3 of the Dungeon.
             The game lasted 00:03:30 (2251 turns).

Fang the Skirmisher (Gargoyle Berserker)            Turns: 2251, Time: 00:03:30

Health: 0/34       AC:  6    Str: 22    XL:     5   Next: 57%
Magic:  5/5        EV: 12    Int:  7    God:    Trog [***...]
Gold:   80         SH:  0    Dex:  9    Spells: 4/4 levels left

rFire    . . .     SeeInvis .   a - +0 hand axe
rCold    . . .     Gourm    .   (no shield)
rNeg     + . .     Faith    .   b - +0 animal skin
rPois    ∞         Spirit   .   (no helmet)
rElec    +         Reflect  .   (no cloak)
rCorr    .         Harm     .   (no gloves)
MR       .....                  (no boots)
Stlth    +.........             s - amulet of rage
HPRegen  0.11/turn              (no ring)
MPRegen  0.09/turn              (no ring)

@: berserk cooldown, slowed, very slow
A: negative energy resistance 1, electricity resistance, unbreathing,
petrification resistance, rot immunity, AC +4
a: Berserk, Trog's Hand, Renounce Religion, Evoke Berserk Rage


You were on level 3 of the Dungeon.
You worshipped Trog.
Trog was most pleased with you.
You were near starving.

You visited 1 branch of the dungeon, and saw 3 of its levels.

You collected 80 gold pieces.

Inventory:

Hand Weapons
 a - a +0 hand axe (weapon)
Armour
 b - a +0 animal skin (worn)
Jewellery
 s - an amulet of rage (around neck)
Wands
 r - a wand of iceblast (6)
Scrolls
 e - a scroll of random uselessness {unknown}
 h - a scroll of immolation {unknown}
 i - 4 scrolls of identify {unknown}
 k - 2 scrolls of remove curse {unknown}
 l - 2 scrolls of fog {unknown}
 n - a scroll of amnesia {unknown}
Potions
 d - a potion of haste {unknown}
 f - a potion of degeneration {unknown}
 g - a potion of flight {unknown}
 m - a potion of mutation {unknown}
 o - a potion of ambrosia {unknown}
 p - 2 potions of lignification {unknown}
 q - 2 potions of agility {unknown}
Comestibles
 c - 4 rations
 j - 2 chunks of flesh


   Skills:
 + Level 4.3 Fighting
 + Level 3.6 Axes
 + Level 3.5 Armour
 + Level 2.6 Dodging


You had 4 spell levels left.
You didn't know any spells.
Your spell library was empty.

Dungeon Overview and Level Annotations

Branches:
Dungeon (3/15)

Altars:
Cheibriados
Okawaru

Annotations:
D:3 Sigmund


Innate Abilities, Weirdness & Mutations

You are resistant to torment.
Your stone body is resilient. (AC +4)
You are immune to poison.
You resist negative energy. (rN+)
You are resistant to electric shocks. (rElec)
You can survive without breathing.
You are immune to petrification.
You are immune to rotting.


Message History

A magic dart appears from out of thin air!
The magic dart hits you.
You feel a strong urge to attack something.
You are no longer berserk.
Trog's vigour flows through your veins.
You are exhausted.
You feel yourself slow down.
You feel less confused. Something hits you.
You hit something. Something hits you!
You hit something. Something hits you. Something hits you!
* * * LOW HITPOINT WARNING * * *
You miss something.
You are near starving!
Something hits you but does no damage.
You completely miss something. Something hits you but does no damage.
You hit something but do no damage. Something hits you but does no damage.
You hit something but do no damage. Something hits you but does no damage.
You hit something. Something hits you!
You die...

#........(.#...............''
......#.......>.......##
......#..÷............#.
......#...............#.
......................#.
........................
.........#..............
.........#..............
.......@.#......... .
.......{........... .
.......)........... .
.......)†..........
...#.........#.....
...#.........#..... ..
#.........# ... #.........#
.. #.........#


There were no monsters in sight!

Vanquished Creatures
  An iguana (D:2)
  Ijyb (D:3)
  3 adders
  2 oozes
  2 worms
  5 leopard geckos
  6 orcs (D:3)
  4 giant cockroaches
  8 goblins
  10 hobgoblins
  2 jackals (D:3)
  A quokka (D:2)
  10 bats
  4 frilled lizards
  6 kobolds
  11 rats
76 creatures vanquished.

Notes
Turn   | Place    | Note
-------+----------+-------------------------------------------
     0 | D:1      | Fang the Gargoyle Berserker began the quest for the Orb.
     0 | D:1      | Reached XP level 1. HP: 14/14 MP: 1/1
    93 | D:1      | Found a snail-covered altar of Cheibriados.
   100 | D:1      | Reached XP level 2. HP: 19/19 MP: 2/2
   600 | D:2      | Reached XP level 3. HP: 13/23 MP: 3/3
   950 | D:2      | Reached ** piety under Trog
  1100 | D:2      | Reached XP level 4. HP: 21/29 MP: 4/4
  1527 | D:2      | Reached skill level 4 in Fighting
  1697 | D:3      | Reached XP level 5. HP: 12/33 MP: 5/5
  1907 | D:3      | Found an iron altar of Okawaru.
  2004 | D:3      | Noticed Ijyb
  2031 | D:3      | Killed Ijyb
  2123 | D:3      | Reached *** piety under Trog
  2219 | D:3      | Noticed Sigmund
  2251 | D:3      | Slain by Sigmund

Skill      XL: |  1  2  3  4 |
---------------+-------------+-----
Axes           | 3 |  3.6
Dodging        | 2 |  2.6
Armour         | 3 |  3.5
Fighting       | 4 |  4.3

Action                   |  1- 3 |  4- 6 || total
-------------------------+-------+-------++-------
Melee: Hand axe          |    96 |   162 ||   258
Invok: Berserk           |     1 |     2 ||     3
 Stab: Sleeping          |     1 |       ||     1
  Eat: Chunk             |     2 |     4 ||     6
Armor: Animal skin       |    50 |    62 ||   112
Dodge: Dodged            |    70 |   112 ||   182
